 Dungeon Crawl Stone Soup version 0.13.0 (webtiles) character file.

32263 Malachi the Severer (level 13, -8/114 HPs)
             Began as a Deep Dwarf Berserker on Oct 12, 2013.
             Was a High Priest of Trog.
             Mangled by an ice dragon simulacrum (11 damage)
             ... on Level 15 of the Dungeon.
             The game lasted 00:46:53 (11452 turns).

Malachi the Severer (Deep Dwarf Berserker)         Turns: 11452, Time: 00:46:54

HP  -8/114       AC 24     Str 26      XL: 13   Next: 25%
MP   6/6         EV  8     Int  8      God: Trog [*****.]
Gold 843         SH  0     Dex 12      Spells:  0 memorised, 12 levels left

Res.Fire  : . . .   See Invis. : +   b - +5 dwarf broad axe (antimagic)
Res.Cold  : . . .   Warding    : .   H - +3 dwarf chain mail {rN+}
Life Prot.: + . .   Conserve   : .   (no shield)
Res.Poison: .       Res.Corr.  : .   (no helmet)
Res.Elec. : .       Clarity    : .   k - +1 cloak
Sust.Abil.: + .     Spirit.Shd : .   x - +0 pair of orc gauntlets
Res.Mut.  : .       Stasis     : .   f - +2 pair of boots
Res.Rott. : .       Flight     : .   G - amulet of Stedackitt {Faith Stlth++}
Saprovore : . . .                    P - ring of see invisible
                                     h - ring of sustain abilities

@: non-regenerating, quite resistant to hostile enchantments, extremely
unstealthy
A: damage resistance, recharge devices, sense surroundings 2, slow healing 3,
spit poison 1
a: Device Recharging, Spit Poison, Burn Spellbooks, Berserk, Trog's Hand,
Brothers in Arms, Renounce Religion


You were on level 15 of the Dungeon.
You worshipped Trog.
Trog was extremely pleased with you.
You were not hungry.

You visited 1 branch of the dungeon, and saw 15 of its levels.
You also visited: Ossuary.

You collected 1111 gold pieces.
You spent 288 gold pieces at shops.

Inventory:

Hand weapons
 a - a +3,+1 dwarven hand axe of chopping {=f}
 b - a +5,+5 dwarven anti-magic broad axe (weapon)
 l - a +2,+5 dwarven battleaxe of freezing
 F - a +5,+1 great sword of flaming
 S - a +4,+4 scimitar of flaming
Armour
 f - a +2 pair of boots (worn)
 k - a +1 cloak (worn)
 x - a +0 pair of orcish gauntlets (worn)
 H - a +3 dwarven chain mail of positive energy (worn)
Magical devices
 c - a wand of heal wounds (1)
 C - a wand of draining (7)
 E - a wand of fire (0)
 I - a wand of disintegration (14)
 J - a wand of digging (9)
 K - a wand of polymorph (5)
 O - a wand of fire (6)
 T - a wand of disintegration (7)
Comestibles
 d - 9 bread rations
 j - a chunk of giant goldfish flesh
 r - a rotting chunk of polar bear flesh
 z - 13 cheeses
 N - a meat ration
Scrolls
 g - 4 scrolls of enchant weapon II
 i - 2 scrolls of magic mapping
 m - 6 scrolls of remove curse
 o - a scroll of enchant weapon I
 t - 7 scrolls of identify
 v - a scroll of blinking
 w - 5 scrolls of teleportation
 y - a scroll of silence {unknown}
Jewellery
 h - a ring of sustain abilities (left hand)
 n - an uncursed ring of teleportation
 q - an uncursed ring of poison resistance
 B - an uncursed ring of ice
 G - the amulet of Stedackitt (around neck) {Faith Stlth++}
   (You found it on level 8 of the Dungeon)

   [amulet of faith]

   It makes you much more stealthy.
 P - a ring of see invisible (right hand)
Potions
 e - a potion of agility
 p - a potion of invisibility
 s - 2 potions of speed
 u - 6 potions of curing
 A - a potion of might
 D - 3 potions of brilliance
 L - 2 potions of resistance
 M - a potion of restore abilities
 Q - 2 potions of heal wounds


   Skills:
 + Level 7.1 Fighting
 + Level 18.7 Axes
 + Level 11.8 Armour
 + Level 4.4 Dodging
 * Level 3.3 Evocations


You had 12 spell levels left.
You didn't know any spells.

Dungeon Overview and Level Annotations

Branches:
Dungeon (15/27)            Temple (0/1) D:5             Orc (0/4) D:9
   Lair (0/8) D:11
 Vaults: D:15-20

Altars:
Ashenzari
Fedhas
Yredelemnul

Shops:
D:14 +!=(*

Portals:
Trove: D:12 (give +2 storm dragon armour)


Innate Abilities, Weirdness & Mutations

You are resistant to damage.
You can recharge devices by infusing magical energy.
You passively map the area around you.
You do not heal naturally.
You can spit poison.


Message History

You hit the ice dragon simulacrum but do no damage.
The ice dragon simulacrum bites you but does no damage.
The ice dragon simulacrum claws you but does no damage.
The ice dragon simulacrum tramples you but does no damage.
You hit the ice dragon simulacrum but do no damage.
You slash the ice dragon simulacrum!
The ice dragon simulacrum barely misses you.
The ice dragon simulacrum claws you. The ice dragon simulacrum freezes you!
* * * LOW HITPOINT WARNING * * *
The ice dragon simulacrum tramples you but does no damage.
Unknown command.
Evoke which item? (* to show all) (? for menu, Esc to quit)
Zapping:
c - a wand of heal wounds (2)
Press: ? - help, Shift-Dir - straight line, f - you You feel much better.
This wand has 1 charge left.
The ice dragon simulacrum barely misses you.
The ice dragon simulacrum claws you. The ice dragon simulacrum freezes you!
* * * LOW HITPOINT WARNING * * *
The ice dragon simulacrum tramples you. The ice dragon simulacrum freezes you!
You die...

.........#..# #..#....##
...........## #......#
..........## ##....##
...........#* ##......#
#........#..# #..#....#
........###.#
###.###....# ........#
#...*##...# #....#
......### ##..#..###
###..# ####.## ##..@##
#. #....### ##....Z# * *
#.#....# #.........# ,
##......###.........#*
>...#.[..#...........# ,
,,
...<#..................
,*
..#.##............###...
,
.#######..≈≈≈......,*.#
* ..#..#....≈≈≈≈≈≈... ,*


You could see an ice dragon simulacrum.

Vanquished Creatures
  Rupert (D:15)
  Harold (D:12)
  Josephine (D:12)
  A hydra (D:13)
  Erica (D:14)
  An ogre mage (D:13)
  Urug (D:10)
  5 centaur warriors
  4 hill giants
  3 unseen horrors
  2 cyclopes
  A griffon (D:15)
  A spiny frog (shapeshifter) (D:13)
  A feature mimic (D:10)
  4 trolls
  2 polar bears (D:15)
  A komodo dragon (D:14)
  10 slime creatures
  An elf (shapeshifter) (D:13)
  4 two-headed ogres (D:13)
  2 shadows
  A griffon zombie (D:12)
  A wyvern (D:10)
  4 water elementals (D:15)
  A vampire (D:15)
  10 ugly things (D:14)
  Grum (D:8)
  2 sharks (D:15)
  12 yaks
  3 hill giant skeletons
  2 vampire mosquitoes (D:12)
  A soldier ant (D:14)
  Edmund (D:8)
  A manticore (D:8)
  A necrophage (D:11)
  5 wolves
  3 giant goldfish (D:15)
  3 orc warriors
  3 sky beasts
  A phantom (D:10)
  4 ice beasts
  16 centaurs
  2 big kobolds
  10 ogres
  9 giant frogs
  A water moccasin (D:8)
  A yaktaur zombie (D:10)
  A wyvern zombie (D:14)
  A cyclops skeleton (D:14)
  An eye of draining (D:9)
  A manticore skeleton (D:10)
  A rock worm zombie (D:12)
  A killer bee (D:13)
  2 yak skeletons
  The ghost of Antur the Changer, a weakling SpTm (D:3)
  An electric eel (D:15)
  2 goliath beetles
  A hippogriff skeleton (D:12)
  2 troll skeletons
  A black bear zombie (D:7)
  9 crimson imps
  A two-headed ogre zombie (D:12)
  2 scorpions (D:14)
  A yellow wasp zombie (D:6)
  4 orc priests
  A quasit (D:6)
  4 jellies
  A komodo dragon simulacrum (D:15)
  An orange rat (D:7)
  6 orc wizards
  6 hounds
  2 iguanas
  10 worker ants
  A giant frog skeleton (D:4)
  4 big kobold zombies (Ossuary)
  A centaur simulacrum (D:12)
  2 two-headed ogre simulacra (D:15)
  An ogre skeleton (D:7)
  A hound skeleton (D:6)
  2 mummies
  5 gnolls
  3 green rats (D:7)
  A giant centipede (D:13)
  A giant mite (D:6)
  11 adders
  2 white imps (D:15)
  An ufetubus (D:15)
  5 worms
  An adder skeleton (D:7)
  An adder zombie (D:8)
  4 grey rats (D:7)
  An iguana skeleton (D:8)
  A giant centipede simulacrum (D:12)
  4 giant geckos
  2 oozes
  38 orcs
  13 bats
  6 giant cockroaches
  7 goblins
  17 hobgoblins
  15 jackals
  12 kobolds
  2 quokkas
  3 ball pythons (D:1)
  7 bat simulacra (Ossuary)
  3 giant newts
  8 gnoll zombies (Ossuary)
  A goblin simulacrum (Ossuary)
  4 goblin zombies (Ossuary)
  A hobgoblin zombie (Ossuary)
  4 kobold simulacra (Ossuary)
  7 kobold zombies (Ossuary)
  2 orc skeletons
  7 orc zombies
  22 rats
  A rat simulacrum (Ossuary)
  3 spectral goblins (Ossuary)
  3 spectral kobolds (Ossuary)
  2 spectral rats (Ossuary)
  4 ballistomycetes
458 creatures vanquished.

Vanquished Creatures (others)
  3 giant spores
  A ballistomycete (D:6)
4 creatures vanquished.

Grand Total: 462 creatures vanquished

Notes
Turn   | Place    | Note
--------------------------------------------------------------
     0 | D:1      | Malachi, the Deep Dwarf Berserker, began the quest for the Orb.
     0 | D:1      | Reached XP level 1. HP: 21/21 MP: 0/0
   117 | D:1      | Reached XP level 2. HP: 28/28 MP: 1/1
   119 | D:1      | Reached skill level 4 in Axes
   174 | D:1      | Acquired Trog's second power
   592 | D:1      | Reached XP level 3. HP: 21/34 MP: 2/2
  1066 | D:2      | Reached skill level 5 in Axes
  1348 | D:3      | Reached XP level 4. HP: 32/43 MP: 3/3
  1700 | D:3      | Noticed Antur's ghost (weakling SpTm)
  1704 | D:3      | Killed Antur's ghost
  1704 | D:3      | Reached skill level 6 in Axes
  1704 | D:3      | Reached XP level 5. HP: 49/49 MP: 4/4
  1950 | D:4      | Noticed an ogre
  1964 | D:4      | Killed an ogre
  1964 | D:4      | Reached skill level 7 in Axes
  1964 | D:4      | Reached XP level 6. HP: 56/56 MP: 5/5
  2202 | D:4      | Noticed an ogre
  2207 | D:4      | Killed an ogre
  2509 | D:4      | Reached skill level 8 in Axes
  2509 | D:4      | Reached XP level 7. HP: 60/63 MP: 6/6
  2545 | D:4      | Gained mutation: You can spit poison. [potion of beneficial mutation]
  2644 | D:4      | Acquired Trog's third power
  3081 | D:5      | Entered Level 5 of the Dungeon
  3126 | D:5      | Found a staircase to the Ecumenical Temple.
  3178 | D:5      | Reached skill level 9 in Axes
  3265 | D:5      | Reached skill level 5 in Armour
  3441 | D:5      | Reached XP level 8. HP: 64/70 MP: 7/7
  3622 | D:5      | Found a shattered altar of Ashenzari.
  3751 | D:5      | Reached skill level 10 in Axes
  3885 | D:6      | Paralysed by a potion of paralysis for 6 turns
  4202 | D:6      | Reached skill level 11 in Axes
  4377 | D:7      | Found a blossoming altar of Fedhas.
  4805 | D:7      | Gained mutation: You passively map the area around you. [level up]
  4805 | D:7      | Reached XP level 9. HP: 62/76 MP: 8/8
  4967 | D:7      | Found a sand-covered staircase.
  4972 | Ossuary  | Entered an ossuary
  5470 | D:8      | Reached skill level 12 in Axes
  5806 | D:8      | Got an ancient ruby amulet
  5829 | D:8      | Identified the amulet of Stedackitt {Faith Stlth++} (You found it on level 8 of the Dungeon)
  5957 | D:8      | Noticed Grum
  5978 | D:8      | Reached skill level 13 in Axes
  5983 | D:8      | Killed Grum
  6339 | D:8      | Noticed Edmund
  6355 | D:8      | Killed Edmund
  6617 | D:9      | Found a basalt altar of Yredelemnul.
  6832 | D:9      | Found a staircase to the Orcish Mines.
  7112 | D:10     | Entered Level 10 of the Dungeon
  7122 | D:10     | Reached XP level 10. HP: 76/85 MP: 9/9
  7204 | D:10     | Reached skill level 14 in Axes
  7210 | D:10     | Noticed a hill giant
  7210 | D:10     | Noticed a hill giant
  7225 | D:10     | Killed a hill giant
  7225 | D:10     | Reached skill level 1 in Evocations
  7230 | D:10     | Killed a hill giant
  7285 | D:10     | Noticed Urug
  7297 | D:10     | Killed Urug
  7657 | D:10     | Reached skill level 15 in Axes
  7916 | D:11     | Found a staircase to the Lair.
  8190 | D:11     | Received a gift from Trog
  8417 | D:11     | Reached XP level 11. HP: 46/91 MP: 4/13
  8675 | D:12     | Noticed Josephine
  8684 | D:12     | Killed Josephine
  8693 | D:12     | Reached skill level 16 in Axes
  8866 | D:12     | Killed an unseen horror
  8911 | D:12     | Found a portal to a secret trove of treasure.
  9189 | D:12     | Noticed Harold
  9198 | D:12     | Killed Harold
  9198 | D:12     | Reached skill level 10 in Armour
  9693 | D:13     | Noticed a centaur warrior
  9705 | D:13     | Killed a centaur warrior
  9858 | D:13     | Noticed a seven-headed hydra
  9863 | D:13     | Killed a seven-headed hydra
  9937 | D:13     | Noticed a centaur warrior
  9949 | D:13     | Killed a centaur warrior
  9949 | D:13     | Reached skill level 17 in Axes
  9981 | D:13     | Reached XP level 12. HP: 102/102 MP: 4/14
  9994 | D:13     | Noticed an ogre mage
 10015 | D:13     | Killed an ogre mage
 10177 | D:14     | Entered Level 14 of the Dungeon
 10180 | D:14     | Found Blunu's Antique Weapon Shoppe.
 10184 | D:14     | Found Puoc's Book Shoppe.
 10257 | D:14     | Reached skill level 5 in Fighting
 10370 | D:14     | Found Qaobb's Distillery.
 10370 | D:14     | Found Ruvyniyf's Jewellery Boutique.
 10400 | D:15     | Entered Level 15 of the Dungeon
 10526 | D:14     | Bought an uncursed ring of see invisible for 210 gold pieces
 10532 | D:14     | Bought a potion of heal wounds for 39 gold pieces
 10532 | D:14     | Bought a potion of heal wounds for 39 gold pieces
 10574 | D:14     | Reached skill level 18 in Axes
 10581 | D:14     | Noticed Erica
 10595 | D:14     | Killed Erica
 10631 | D:14     | Found Schobb's General Store.
 10904 | D:14     | Received a gift from Trog
 11051 | D:15     | Reached XP level 13. HP: 73/112 MP: 5/15
 11231 | D:15     | Noticed Rupert
 11242 | D:15     | Killed Rupert
 11451 | D:15     | HP: 5/114 [ice dragon simulacrum (31)]
 11452 | D:15     | Mangled by an ice dragon simulacrum

Action                   |  1- 3 |  4- 6 |  7- 9 | 10-12 | 13-15 || total
-------------------------+-------+-------+-------+-------+-------++-------
Melee: Hand axe          |   104 |   147 |   752 |   161 |       ||  1164
       Broad axe         |       |       |       |   402 |   102 ||   504
       Battleaxe         |       |       |       |    12 |       ||    12
Invok: Berserk           |     1 |     6 |     9 |    17 |     2 ||    35
       Trog's Hand       |     1 |       |     9 |    17 |     2 ||    29
 Abil: Spit Poison       |       |       |     1 |       |       ||     1
Evoke: Wand              |       |       |     5 |    18 |     5 ||    28
  Use: Scroll            |    11 |     1 |     9 |     8 |       ||    29
       Potion            |       |       |     9 |    12 |       ||    21
 Stab: Invisible         |       |       |     4 |       |       ||     4
